TOP OF THE 1ST |
Burlington Royals batting - Pitching for Baltimore (APP) Orioles : RHP Jun-seok Pak
|
Pitching: RHP Jun-seok Pak
|
|
Batting: LHB Ernesto Abreu
|
0-0: Swinging Strike 0-1: Swinging Strike 0-2: Strikes out swinging
|
Batting: RHB Tim Persson
|
0-0: Swinging Strike 0-1: Swinging Strike 0-2: Ball 1-2: Ball 2-2: Strikes out swinging
|
Batting: SHB Marcos Cortez
|
0-0: Called Strike 0-1: Foul Ball, location: 2F 0-2: Strikes out swinging
|
Top of the 1st over - 0 runs, 0 hits, 0 errors, 0 left on base; Burlington 0 - Baltimore (APP) 0 |
BOTTOM OF THE 1ST |
Baltimore (APP) Orioles batting - Pitching for Burlington Royals : RHP Rich Frontczak
|
Pitching: RHP Rich Frontczak
|
|
Batting: RHB Danny Baeza
|
0-0: Called Strike 0-1: Ball 1-1: Ball 2-1: Ball 3-1: SINGLE (Groundball, 34D, EV 102.5 MPH)
|
Batting: RHB Tony Fernandez
|
0-0: Ball 1-0: Swinging Strike 1-1: SINGLE (Groundball, 13, EV 86.2 MPH) (infield hit) Danny Baeza to second
|
Batting: LHB Ralph Braine
|
0-0: Ball 1-0: Foul Ball, location: 2F 1-1: Ball 2-1: Foul Ball, location: 2F 2-2: Ball 3-2: Base on Balls Danny Baeza to third Tony Fernandez to second
|
Batting: RHB Matt Berrier
|
0-0: Called Strike 0-1: Called Strike 0-2: Foul Ball, location: 2F 0-2: Ball 1-2: Strikes out looking
|
Batting: LHB Tomas de Zeeuw
|
0-0: Ball 1-0: Called Strike 1-1: Called Strike 1-2: Foul Ball, location: 2F 1-2: Fly out, F8 (Flyball, 8LM, EV 86.9 MPH)
|
Batting: RHB Tony Godley
|
0-0: Called Strike 0-1: Ground out 6-3 (Groundball, 56, EV 103.1 MPH)
|
Bottom of the 1st over - 0 runs, 2 hits, 0 errors, 3 left on base; Burlington 0 - Baltimore (APP) 0 |
TOP OF THE 2ND |
Burlington Royals batting - Pitching for Baltimore (APP) Orioles : RHP Jun-seok Pak
|
Batting: LHB Bobby Gonzalez
|
0-0: Ball 1-0: Called Strike 1-1: Foul Ball, location: 2F 1-2: Ball 2-2: Ball 3-2: Strikes out swinging
|
Batting: RHB Rob Ward
|
0-0: Ball 1-0: Called Strike 1-1: Foul Ball, location: 2F 1-2: Ball 2-2: Strikes out swinging
|
Batting: RHB Shane Bruce
|
0-0: Ball 1-0: Called Strike 1-1: Called Strike 1-2: Ball 2-2: Strikes out looking
|
Top of the 2nd over - 0 runs, 0 hits, 0 errors, 0 left on base; Burlington 0 - Baltimore (APP) 0 |
BOTTOM OF THE 2ND |
Baltimore (APP) Orioles batting - Pitching for Burlington Royals : RHP Rich Frontczak
|
Batting: RHB Matt O'Dea
|
0-0: Foul Ball, location: 2F 0-1: Ball 1-1: Foul Ball, location: 2F 1-2: Ground out 6-3 (Groundball, 6S, EV 68.8 MPH)
|
Batting: RHB Honório Szenes
|
0-0: Called Strike 0-1: Ball 1-1: Foul Ball, location: 2F 1-2: Ball 2-2: Foul Ball, location: 2F 2-2: SINGLE (Line Drive, 89S, EV 99.4 MPH)
|
Batting: RHB Danny Ayala
|
0-0: Called Strike 0-1: Called Strike 0-2: Strikes out swinging
|
Batting: RHB Danny Baeza
|
0-0: Ball 1-0: Called Strike 1-1: Foul Ball, location: 2F 1-2: Strikes out swinging
|
Bottom of the 2nd over - 0 runs, 1 hit, 0 errors, 1 left on base; Burlington 0 - Baltimore (APP) 0 |
TOP OF THE 3RD |
Burlington Royals batting - Pitching for Baltimore (APP) Orioles : RHP Jun-seok Pak
|
Batting: RHB Jake Warwick
|
0-0: Ball 1-0: Foul Ball, location: 2F 1-1: Foul Ball, location: 2F 1-2: Foul Ball, location: 2F 1-2: Ground out 4-3 (Groundball, 34D, EV 101.2 MPH)
|
Batting: RHB Tim Tucker
|
0-0: SINGLE (Groundball, 56D, EV 94.4 MPH)
|
Batting: RHB Junsuke Abe
|
0-0: Bunted foul 0-1: Ball Balk! Tim Tucker to second 1-1: Foul Ball, location: 2F 1-2: Foul Ball, location: 2F 1-2: Strikes out swinging
|
Batting: LHB Ernesto Abreu
|
0-0: Ball Wild Pitch! Tim Tucker to third 1-0: Called Strike 1-1: Foul Ball, location: 2F 1-2: Ball 2-2: SINGLE (Groundball, 34D, EV 101.2 MPH) Tim Tucker scores
|
Batting: RHB Tim Persson
|
0-0: Ball 1-0: Ball 2-0: Foul Ball, location: 2F 2-1: Ball 3-1: Foul Ball, location: 2F 3-2: Strikes out swinging
|
Top of the 3rd over - 1 run, 2 hits, 0 errors, 1 left on base; Burlington 1 - Baltimore (APP) 0 |
BOTTOM OF THE 3RD |
Baltimore (APP) Orioles batting - Pitching for Burlington Royals : RHP Rich Frontczak
|
Batting: RHB Tony Fernandez
|
0-0: Ball 1-0: Called Strike 1-1: Foul Ball, location: 2F 1-2: Ground out 6-3 (Groundball, 56, EV 86.2 MPH)
|
Batting: LHB Ralph Braine
|
0-0: Ball 1-0: Ball 2-0: SOLO HOME RUN (Flyball, 89XD, EV 109.4 MPH), Distance : 440 ft
|
Batting: RHB Matt Berrier
|
0-0: Ball 1-0: Called Strike 1-1: Foul Ball, location: 2F 1-2: DOUBLE (Line Drive, 89D, EV 105.6 MPH)
|
Batting: LHB Tomas de Zeeuw
|
0-0: Called Strike 0-1: Ball 1-1: Foul Ball, location: 2F 1-2: Ball 2-2: Ball 3-2: Ground out 1-3 (Groundball, 13, EV 63.8 MPH) Matt Berrier to third
|
Batting: RHB Tony Godley
|
0-0: Ball 1-0: Foul Ball, location: 2F 1-1: Called Strike 1-2: Ball 2-2: Foul Ball, location: 2F 2-2: Ground out 5-3 (Groundball, 56S, EV 92.5 MPH)
|
Bottom of the 3rd over - 1 run, 2 hits, 0 errors, 1 left on base; Burlington 1 - Baltimore (APP) 1 |
TOP OF THE 4TH |
Burlington Royals batting - Pitching for Baltimore (APP) Orioles : RHP Jun-seok Pak
|
Batting: SHB Marcos Cortez
|
0-0: Ball 1-0: Ball 2-0: Ball 3-0: Base on Balls
|
Batting: LHB Bobby Gonzalez
|
0-0: Foul Ball, location: 2F 0-1: Foul Ball, location: 2F 0-2: Ball 1-2: Fielders Choice at 2nd, 3-6 (Groundball, 34, EV 108.1 MPH)
|
Batting: RHB Rob Ward
|
0-0: Ball 1-0: Called Strike 1-1: Hit by Pitch Bobby Gonzalez to second
|
Batting: RHB Shane Bruce
|
0-0: Ball 1-0: Ball 2-0: Foul Ball, location: 2F 2-1: Ball 3-1: Swinging Strike 3-2: Foul Ball, location: 2F 3-2: Base on Balls Bobby Gonzalez to third Rob Ward to second
|
Batting: RHB Jake Warwick
|
0-0: Swinging Strike 0-1: Swinging Strike 0-2: Ball 1-2: Foul Ball, location: 2F 1-2: Strikes out swinging
|
Batting: RHB Tim Tucker
|
0-0: Called Strike 0-1: Foul Ball, location: 2F 0-2: Fielders Choice at 2nd, 5-4 (Groundball, 56, EV 109.4 MPH)
|
Top of the 4th over - 0 runs, 0 hits, 0 errors, 3 left on base; Burlington 1 - Baltimore (APP) 1 |
BOTTOM OF THE 4TH |
Baltimore (APP) Orioles batting - Pitching for Burlington Royals : RHP Rich Frontczak
|
Batting: RHB Matt O'Dea
|
0-0: Called Strike 0-1: Called Strike 0-2: Foul Ball, location: 2F 0-2: Strikes out swinging
|
Batting: RHB Honório Szenes
|
0-0: Ball 1-0: Ground out 5-3 (Groundball, 56S, EV 81.2 MPH)
|
Batting: RHB Danny Ayala
|
0-0: Called Strike 0-1: Ground out 6-3 (Groundball, 6M, EV 103.1 MPH)
|
Bottom of the 4th over - 0 runs, 0 hits, 0 errors, 0 left on base; Burlington 1 - Baltimore (APP) 1 |
TOP OF THE 5TH |
Burlington Royals batting - Pitching for Baltimore (APP) Orioles : RHP Jun-seok Pak
|
Pitching: RHP Nick Weirick
|
|
Batting: RHB Junsuke Abe
|
0-0: SINGLE (Groundball, 56D, EV 106.9 MPH)
|
Batting: LHB Ernesto Abreu
|
0-0: Ball 1-0: Ball 2-0: Ground out 4-3 (Groundball, 34, EV 108.8 MPH) Junsuke Abe to second
|
Batting: RHB Tim Persson
|
0-0: Ball 1-0: Swinging Strike 1-1: SINGLE (Groundball, 6MD, EV 96.2 MPH) Junsuke Abe to third Runner from 3rd tries for Home, throw by CF and OUT! 8-2
|
Batting: SHB Marcos Cortez
|
0-0: Called Strike 0-1: Called Strike Tim Persson steals 2nd base 0-2: Strikes out swinging
|
Top of the 5th over - 0 runs, 2 hits, 0 errors, 1 left on base; Burlington 1 - Baltimore (APP) 1 |
BOTTOM OF THE 5TH |
Baltimore (APP) Orioles batting - Pitching for Burlington Royals : RHP Rich Frontczak
|
Batting: RHB Danny Baeza
|
0-0: Called Strike 0-1: Ball 1-1: Ball 2-1: Foul Ball, location: 2F 2-2: Ground out 6-3 (Groundball, 6, EV 100.6 MPH)
|
Batting: RHB Tony Fernandez
|
0-0: Called Strike 0-1: Ground out 6-3 (Groundball, 6, EV 80.0 MPH)
|
Batting: LHB Ralph Braine
|
0-0: Ball 1-0: Ball 2-0: Ground out 4-3 (Groundball, 4, EV 99.4 MPH)
|
Bottom of the 5th over - 0 runs, 0 hits, 0 errors, 0 left on base; Burlington 1 - Baltimore (APP) 1 |
TOP OF THE 6TH |
Burlington Royals batting - Pitching for Baltimore (APP) Orioles : RHP Nick Weirick
|
Batting: LHB Bobby Gonzalez
|
0-0: Called Strike 0-1: Ball 1-1: Swinging Strike 1-2: Foul Ball, location: 2F 1-2: Strikes out swinging
|
Batting: RHB Rob Ward
|
0-0: Called Strike 0-1: Ball 1-1: Ball 2-1: Foul Ball, location: 2F 2-2: Strikes out swinging
|
Batting: RHB Shane Bruce
|
0-0: Called Strike 0-1: Foul Ball, location: 2F 0-2: Ball 1-2: Strikes out swinging
|
Top of the 6th over - 0 runs, 0 hits, 0 errors, 0 left on base; Burlington 1 - Baltimore (APP) 1 |
BOTTOM OF THE 6TH |
Baltimore (APP) Orioles batting - Pitching for Burlington Royals : RHP Rich Frontczak
|
Batting: RHB Matt Berrier
|
0-0: Ball 1-0: Ball 2-0: Called Strike 2-1: Hit by Pitch
|
Batting: LHB Tomas de Zeeuw
|
0-0: Ball 1-0: Ball 2-0: Swinging Strike 2-1: Ball 3-1: SINGLE (Groundball, 34D, EV 98.8 MPH) Matt Berrier to second
|
Batting: RHB Tony Godley
|
0-0: Called Strike 0-1: Foul Ball, location: 2F 0-2: Ball 1-2: Ball 2-2: Ball 3-2: Fly out, F8 (Flyball, 8RD, EV 81.2 MPH)
|
Pitching: RHP Tony Jimenez
|
|
Batting: RHB Matt O'Dea
|
0-0: Foul Ball, location: 2F 0-1: Ball Wild Pitch! Matt Berrier to third Tomas de Zeeuw to second 1-1: Ball 2-1: Swinging Strike 2-2: Foul Ball, location: 2F 2-2: Strikes out swinging
|
Batting: RHB Honório Szenes
|
0-0: Swinging Strike 0-1: Swinging Strike 0-2: Ball 1-2: Ball 2-2: Strikes out swinging
|
Bottom of the 6th over - 0 runs, 1 hit, 0 errors, 2 left on base; Burlington 1 - Baltimore (APP) 1 |
TOP OF THE 7TH |
Burlington Royals batting - Pitching for Baltimore (APP) Orioles : RHP Nick Weirick
|
Batting: RHB Jake Warwick
|
0-0: Foul Ball, location: 2F 0-1: Swinging Strike 0-2: Strikes out swinging
|
Batting: RHB Tim Tucker
|
0-0: Foul Ball, location: 2F 0-1: Ground out 6-3 (Groundball, 4M, EV 85.6 MPH)
|
Batting: RHB Junsuke Abe
|
0-0: Ball 1-0: Called Strike 1-1: Ball 2-1: Called Strike 2-2: Foul Ball, location: 2F 2-2: Foul Ball, location: 2F 2-2: Strikes out swinging
|
Top of the 7th over - 0 runs, 0 hits, 0 errors, 0 left on base; Burlington 1 - Baltimore (APP) 1 |
BOTTOM OF THE 7TH |
Baltimore (APP) Orioles batting - Pitching for Burlington Royals : RHP Tony Jimenez
|
Batting: RHB Danny Ayala
|
0-0: Ground out 4-3 (Groundball, 4, EV 88.1 MPH)
|
Batting: RHB Danny Baeza
|
0-0: Ball 1-0: Foul Ball, location: 2F 1-1: Called Strike 1-2: Ball 2-2: Ball 3-2: Base on Balls
|
Pitching: RHP Ted Splawn
|
|
Batting: RHB Tony Fernandez
|
0-0: Ball 1-0: Ball 2-0: Called Strike 2-1: Ball 3-1: Called Strike 3-2: Base on Balls Danny Baeza to second
|
Batting: LHB Ralph Braine
|
0-0: Ball 1-0: Fly out, F9 (Flyball, 9S, EV 93.1 MPH)
|
Batting: RHB Matt Berrier
|
0-0: Swinging Strike 0-1: Foul Ball, location: 2F 0-2: Ball 1-2: Ball 2-2: Fly out, F3 (Flyball, 3D, EV 79.4 MPH)
|
Bottom of the 7th over - 0 runs, 0 hits, 0 errors, 2 left on base; Burlington 1 - Baltimore (APP) 1 |
TOP OF THE 8TH |
Burlington Royals batting - Pitching for Baltimore (APP) Orioles : RHP Nick Weirick
|
Pitching: LHP Roger Farley
|
|
Batting: LHB Ernesto Abreu
|
0-0: Called Strike 0-1: Ball 1-1: Ball 2-1: Ball 3-1: Called Strike 3-2: Strikes out looking
|
Batting: RHB Tim Persson
|
0-0: Swinging Strike 0-1: Foul Ball, location: 2F 0-2: Ball 1-2: Foul Ball, location: 2F 1-2: Ball 2-2: Fly out, F9 (Flyball, 9LM, EV 86.2 MPH)
|
Batting: SHB Marcos Cortez
|
0-0: Ball 1-0: Ball 2-0: Called Strike 2-1: Ball 3-1: Swinging Strike 3-2: Strikes out swinging
|
Top of the 8th over - 0 runs, 0 hits, 0 errors, 0 left on base; Burlington 1 - Baltimore (APP) 1 |
BOTTOM OF THE 8TH |
Baltimore (APP) Orioles batting - Pitching for Burlington Royals : RHP Ted Splawn
|
Pitching: RHP Joe Adelmann
|
|
Batting: LHB Tomas de Zeeuw
|
0-0: Called Strike 0-1: SINGLE (Groundball, 34D, EV 97.5 MPH) (infield hit)
|
Batting: RHB Tony Godley
|
0-0: Ball 1-0: Called Strike Tomas de Zeeuw steals 2nd base 1-1: DOUBLE (Line Drive, 8LD, EV 107.5 MPH) Tomas de Zeeuw scores
|
Batting: RHB Matt O'Dea
|
0-0: Ball 1-0: Foul Ball, location: 2F 1-1: Ball 2-1: Foul Ball, location: 2F 2-2: Foul Ball, location: 2F 2-2: Ball 3-2: Foul Ball, location: 2F 3-2: Base on Balls
|
Batting: RHB Honório Szenes
|
0-0: Ball 1-0: Ball 2-0: Ball 3-0: Base on Balls Tony Godley to third Matt O'Dea to second
|
Batting: RHB Danny Ayala
|
0-0: Foul Ball, location: 2F 0-1: Swinging Strike 0-2: Ball 1-2: Strikes out swinging
|
Pitching: RHP Neil Drain
|
|
Batting: RHB Danny Baeza
|
0-0: Foul Ball, location: 2F 0-1: SINGLE (Flyball, 89S, EV 92.5 MPH) Tony Godley scores Matt O'Dea to third Honório Szenes to second
|
Batting: RHB Tony Fernandez
|
0-0: Ball 1-0: Foul Ball, location: 2F 1-1: Fly out, F9 (Flyball, 9LS, EV 90.0 MPH)
|
Batting: LHB Ralph Braine
|
0-0: Ball 1-0: Ball 2-0: Foul Ball, location: 2F 2-1: Swinging Strike 2-2: Ball 3-2: Foul Ball, location: 2F 3-2: SINGLE (Line Drive, 4D, EV 98.8 MPH) Matt O'Dea scores Honório Szenes to third Danny Baeza to second Honório Szenes scores Danny Baeza to third
|
Batting: RHB Matt Berrier
|
0-0: Called Strike 0-1: Ball 1-1: Ball 2-1: Foul Ball, location: 2F 2-2: Ball 3-2: Foul Ball, location: 2F 3-2: Base on Balls Ralph Braine to second
|
Pitching: LHP Ken Milhouse
|
|
Batting: LHB Tomas de Zeeuw
|
0-0: Called Strike 0-1: Swinging Strike 0-2: Strikes out swinging
|
Bottom of the 8th over - 4 runs, 4 hits, 0 errors, 3 left on base; Burlington 1 - Baltimore (APP) 5 |
TOP OF THE 9TH |
Burlington Royals batting - Pitching for Baltimore (APP) Orioles : LHP Roger Farley
|
Pitching: LHP Randall Rennie
|
|
Batting: LHB Bobby Gonzalez
|
0-0: Ball 1-0: Called Strike 1-1: Swinging Strike 1-2: Ball 2-2: Strikes out swinging
|
Batting: RHB Rob Ward
|
0-0: Ball 1-0: Ball 2-0: Called Strike 2-1: Ball 3-1: Foul Ball, location: 2F 3-2: Foul Ball, location: 2F 3-2: Foul Ball, location: 2F 3-2: Foul Ball, location: 2F 3-2: Strikes out swinging
|
Batting: RHB Shane Bruce
|
0-0: Called Strike 0-1: Ball 1-1: Foul Ball, location: 2F 1-2: Ground out 5-3 (Groundball, 56, EV 90.0 MPH)
|
Top of the 9th over - 0 runs, 0 hits, 0 errors, 0 left on base; Burlington 1 - Baltimore (APP) 5 |
|